 Dungeon Crawl Stone Soup version 0.29-a0-330-g52719c12eb (webtiles) character file.

Game seed: 3114465605852863686

20755 kae the Arsonist (level 12, -6/81 HPs)
             Began as a Demigod Fire Elementalist on Apr 28, 2022.
             Mangled by a komodo dragon (19 damage)
             ... on level 3 of the Lair of Beasts.
             The game lasted 00:13:40 (22717 turns).

kae the Arsonist (Demigod Fire Elementalist)       Turns: 22717, Time: 00:13:41

Health: -6/81      AC: 17    Str:  9    XL:     12   Next: 19%
Magic:  0/29       EV: 11    Int: 33    God:
Gold:   708        SH:  4    Dex: 14    Spells: 9/29 levels left

rFire   + . .      SeeInvis .   k - staff of fire
rCold   . . .      Faith    .   j - +1 buckler
rNeg    . . .      Spirit   +   t - +0 acid dragon scales
rPois   .          Reflect  .   D - +0 helmet
rElec   .          Harm     .   x - +2 cloak
rCorr   +          Rampage  .   (no gloves)
Will    +....                   (no boots)
Stlth   ++........              m - amulet of guardian spirit
HPRegen 0.23/turn               p - ring of wizardry
MPRegen 0.21/turn               a - +4 ring of protection

@: hasted, very quick
A: high MP 1, forlorn, divine attributes
a: no special abilities


You were on level 3 of the Lair of Beasts.
You visited 3 branches of the dungeon, and saw 16 of its levels.

You collected 802 gold pieces.
You spent 94 gold pieces at shops.

Inventory:

Missiles
 A - a throwing net
Armour
 j - a +1 buckler (worn)
 t - +0 acid dragon scales (worn)
 x - a +2 cloak (worn)
 D - a +0 helmet (worn)
Magical Staves
 e - a staff of conjuration
 k - a staff of fire (weapon)
Jewellery
 a - a +4 ring of protection (right hand)
 b - a +6 ring of dexterity
 m - an amulet of guardian spirit (around neck)
 p - a ring of wizardry (left hand)
 G - a ring of willpower
 H - an amulet of reflection
 J - a ring of protection from fire
Wands
 i - a wand of flame (25)
 u - a wand of iceblast (8)
 F - a wand of digging (5)
Scrolls
 d - 3 scrolls of amnesia
 h - 7 scrolls of identify
 l - a scroll of enchant armour
 q - 2 scrolls of enchant weapon
 v - 4 scrolls of magic mapping
 y - 3 scrolls of teleportation
 C - 3 scrolls of fog
Potions
 c - 5 potions of curing
 f - 5 potions of resistance
 g - 6 potions of might
 n - a potion of ambrosia
 o - 3 potions of brilliance
 r - 5 potions of lignification
 s - a potion of haste
 w - a potion of berserk rage
 z - 2 potions of flight
 B - a potion of invisibility
 E - a potion of magic
 I - 2 potions of attraction


   Skills:
 + Level 9.1 Armour
 - Level 1.7 Dodging
 - Level 1.7 Stealth
 + Level 9.3 Spellcasting
 + Level 10.0 Conjurations
 + Level 10.3 Fire Magic


You had 9 spell levels left.
You knew the following spells:

 Your Spells              Type           Power      Damage    Failure   Level
a - Foxfire               Conj/Fire      100%       2x1d9     1%          1
b - Scorch                Fire           100%       2d10      1%          2
c - Conjure Flame         Conj/Fire      89%        6-21      1%          3
d - Inner Flame           Hex/Fire       65%        N/A       1%          3
e - Flame Wave            Conj/Fire      89%        2d15      1%          4
f - Fireball              Conj/Fire      44%        3d18      1%          5
g - Blink                 Tloc           30%        N/A       4%          2

Your spell library contained the following spells:

 Spells                   Type           Power      Damage    Failure   Level
 Magic Dart               Conj           100%       1d8       1%          1
 Searing Ray              Conj           100%       2d8       1%          2
 Iskenderun's Battlesphe  Conj           69%        2d12      1%          5
 Fulminant Prism          Conj/Hex       24%        3d13      3%          4
 Call Canine Familiar     Summ           15%        N/A       8%          3
 Lesser Beckoning         Tloc           15%        N/A       8%          3
 Portal Projectile        Hex/Tloc       30%        N/A       8%          3
 Leda's Liquefaction      Hex/Erth       7%         N/A       26%         4
 Orb of Destruction       Conj           34%        9d10      32%         7
 Conjure Ball Lightning   Conj/Air       24%        3x3d7     43%         6
 Manifold Assault         Tloc           15%        N/A       54%         5
 Summon Cactus Giant      Summ           7%         N/A       98%         6


Dungeon Overview and Level Annotations

Branches:
Dungeon (12/15)            Temple (1/1) D:4            Lair (3/6) D:11
    Orc (0/2) D:11
  Swamp: Lair:2-4    Shoals: Lair:2-4     Snake: Lair:2-4    Spider: Lair:2-4

Shops:
D:2 [   D:6 *   D:11 ([

Annotations:
D:9 2 runed translucent doors, Flippered's ghost, novice DDFi


Innate Abilities, Weirdness & Mutations

You have an increased reservoir of magic. (+10% MP)
You shall have no god before yourself.
Your divine heritage dramatically boosts your attributes as you level up.


Message History

The komodo dragon's fire resistance burns away.
The komodo dragon hisses menacingly.
The komodo dragon bites you!
Casting: Scorch (safe; 1% risk of failure)
Confirm with . or Enter, or press ? or * to list all spells.
You feel a surge of power!
Flames lash the komodo dragon.
The komodo dragon is burned terribly!
The komodo dragon is moderately wounded.
The komodo dragon closely misses you. The komodo dragon barely misses you.
Casting: Scorch (safe; 1% risk of failure)
Confirm with . or Enter, or press ? or * to list all spells.
You feel a surge of power!
Flames lash the komodo dragon.
The komodo dragon is heavily wounded.
The komodo dragon bites you! The komodo dragon bites you!!
Casting: Scorch (safe; 1% risk of failure)
Confirm with . or Enter, or press ? or * to list all spells.
You feel a surge of power!
Flames lash the komodo dragon.
The komodo dragon is burned terribly!
The komodo dragon is severely wounded.
The komodo dragon closely misses you. The komodo dragon bites you!!
* * * LOW HITPOINT WARNING * * *
Casting: Scorch (safe; 1% risk of failure)
Confirm with . or Enter, or press ? or * to list all spells.
You don't have enough magic to cast this spell.
Casting: Scorch (safe; 1% risk of failure)
Confirm with . or Enter, or press ? or * to list all spells.
You don't have enough magic to cast this spell.
Okay, then.
Okay, then.
Unknown command.
Casting: Scorch (safe; 1% risk of failure)
Confirm with . or Enter, or press ? or * to list all spells.
You don't have enough magic to cast this spell.
Okay, then.
Okay, then.
You feel yourself speed up. The komodo dragon bites you!!
You die...

........ ....#.## ..
...#.#. .#.. ..... #....
#.... ..... #...# #..^.#
#§P†# ########...# .
#.#l###..##.#P.###..
#..@......<....#.#..
.#.......##..........
............###........
P...#######..####....##P
#... #...##...### ###
##.####...# #..####..##
#........#
...........#.##


You could see a komodo dragon (combustible).

Vanquished Creatures
  A boulder beetle (D:12)
  5 two-headed ogres
  A centaur warrior (D:12)
  Urug (Lair:1)
  2 cyclopes (D:11)
  A black mamba (Lair:1)
  2 gargoyles
  A torpor snail (Lair:2)
  5 cane toads
  A kobold demonologist (D:10)
  5 komodo dragons
  A queen bee (shapeshifter) (D:12)
  2 trolls
  3 blink frogs (Lair:2)
  A vampire (D:10)
  5 spriggans (Lair:2)
  2 shadows
  2 wraiths (D:10)
  3 basilisks
  Eustachio (D:4)
  16 yaks
  A steam dragon (D:9)
  Menkaure (D:4)
  Edmund (D:4)
  9 water moccasins
  2 orc warriors
  3 ice beasts
  A black bear (D:6)
  2 sky beasts
  2 ogres (D:5)
  2 phantoms
  4 centaurs
  4 kobold brigands
  13 bullfrogs
  2 necrophages (D:6)
  6 scorpions
  3 wights (D:8)
  5 killer bees (D:9)
  2 jellies
  4 howler monkeys
  7 orc priests
  3 hounds
  Jessica (D:3)
  Natasha (thrice) (D:4)
  8 orc wizards
  4 hell rats (Lair:1)
  7 adders
  5 white imps
  5 dart slugs
  5 worms
  37 orcs
  8 ball pythons
  9 endoplasms
  7 giant cockroaches
  12 goblins
  11 hobgoblins
  11 jackals
  24 kobolds
  2 quokkas
  6 bats
  3 frilled lizards
  5 rats
311 creatures vanquished.

Vanquished Creatures (collateral kills)
  2 foxfires (Lair:1)
2 creatures vanquished.

Vanquished Creatures (others)
  968 foxfires
  14 fungi
  30 plants
1012 creatures vanquished.

Grand Total: 1325 creatures vanquished

Notes
Turn   | Place    | Note
-------+----------+-------------------------------------------
     0 | D:1      | kae the Demigod Fire Elementalist began the quest for the
                  | Orb.
     0 | D:1      | Reached XP level 1. HP: 14/14 MP: 5/5
    26 | D:1      | Reached skill level 1 in Conjurations
   521 | D:1      | Reached XP level 2. HP: 16/20 MP: 4/7
  1808 | D:2      | Learned a level 2 spell: Scorch
  1819 | D:2      | Reached XP level 3. HP: 26/26 MP: 5/9
  2442 | D:2      | Found Beickel's Armour Shop.
  2478 | D:2      | Bought a +0 buckler for 54 gold pieces
  2956 | D:3      | Reached XP level 4. HP: 33/33 MP: 7/10
  3261 | D:3      | Noticed Jessica
  3268 | D:3      | Killed Jessica
  3954 | D:3      | Learned a level 3 spell: Conjure Flame
  3964 | D:3      | Reached XP level 5. HP: 38/38 MP: 5/12
  4527 | D:4      | Noticed Edmund
  4643 | D:4      | Found a staircase to the Ecumenical Temple.
  4670 | D:4      | Noticed Menkaure
  4674 | Temple   | Entered the Ecumenical Temple
  4854 | D:4      | Killed Menkaure
  4855 | D:4      | Reached XP level 6. HP: 10/45 MP: 8/14
  5757 | D:4      | Learned a level 3 spell: Inner Flame
  5797 | D:4      | Noticed Eustachio
  5818 | D:4      | Killed Eustachio
  5819 | D:4      | Reached skill level 1 in Armour
  6266 | D:4      | Reached XP level 7. HP: 50/50 MP: 12/16
  6352 | D:4      | Learned a level 4 spell: Flame Wave
  6583 | D:4      | Killed Edmund
  6584 | D:4      | Reached skill level 5 in Fire Magic
  6883 | D:4      | Noticed Natasha
  6886 | D:4      | Killed Natasha
  7011 | D:4      | Noticed Natasha
  7017 | D:4      | Killed Natasha
  7036 | D:4      | Noticed Natasha
  7046 | D:4      | Killed Natasha
  7204 | D:4      | Found a staircase to the Ecumenical Temple.
  7705 | D:5      | Entered Level 5 of the Dungeon
  8217 | D:5      | Noticed a shadow
  8229 | D:5      | Killed a shadow
  8230 | D:5      | Reached XP level 8. HP: 28/57 MP: 11/18
  8305 | D:5      | Reached skill level 5 in Spellcasting
  8305 | D:5      | Reached skill level 5 in Conjurations
 10164 | D:6      | Found Xabilou's CLEARANCE SALE!.
 10172 | D:6      | Bought a scroll of fog for 8 gold pieces
 10172 | D:6      | Bought a potion of curing for 12 gold pieces
 10172 | D:6      | Bought a potion of heal wounds for 20 gold pieces
 10287 | D:6      | Reached XP level 9. HP: 58/62 MP: 15/21
 11040 | D:7      | Reached skill level 5 in Armour
 12673 | D:9      | Found a large runed translucent door.
 12673 | D:9      | Found a large runed translucent door.
 12687 | D:9      | Noticed Flippered's ghost (novice DDFi)
 12854 | D:9      | Noticed a two-headed ogre
 13150 | D:9      | You fall into a shaft and drop 2 floors!
 13184 | D:11     | Noticed a gargoyle
 13200 | D:10     | Entered Level 10 of the Dungeon
 13406 | D:9      | Killed a two-headed ogre
 13407 | D:9      | Reached XP level 10. HP: 69/69 MP: 12/24
 13560 | D:9      | Noticed a two-headed ogre
 13572 | D:9      | Killed a two-headed ogre
 14281 | D:10     | Noticed a two-headed ogre
 14292 | D:10     | Killed a two-headed ogre
 15176 | D:11     | Noticed a cyclops
 15467 | D:11     | Killed a cyclops
 15853 | D:11     | Found Lota's Weapon Shop.
 15853 | D:11     | Found a staircase to the Orcish Mines.
 15858 | D:11     | Found Aleungul's Armour Shop.
 16128 | D:11     | Noticed a two-headed ogre
 16142 | D:11     | Killed a two-headed ogre
 16143 | D:11     | Reached XP level 11. HP: 36/74 MP: 3/27
 16651 | D:11     | Found a staircase to the Lair.
 16914 | D:12     | Noticed a centaur warrior
 16928 | D:12     | Killed a centaur warrior
 17506 | D:12     | Noticed a two-headed ogre
 17530 | D:12     | Killed a two-headed ogre
 17783 | D:12     | Noticed a boulder beetle
 18260 | D:12     | Killed a boulder beetle
 18651 | Lair:1   | Entered Level 1 of the Lair of Beasts
 19438 | Lair:1   | Noticed Urug
 19745 | Lair:1   | Killed Urug
 19745 | Lair:1   | HP: 3/74 [spore (14)]
 20784 | Lair:2   | Noticed a six-headed hydra
 20991 | Lair:2   | Reached skill level 10 in Fire Magic
 21327 | Lair:2   | Reached XP level 12. HP: 53/81 MP: 15/29
 22657 | Lair:3   | Learned a level 5 spell: Fireball
 22688 | Lair:3   | Learned a level 2 spell: Blink
 22701 | Lair:3   | Reached skill level 10 in Conjurations
 22717 | Lair:3   | Mangled by a komodo dragon

Illustrated notes

Levels and vault maps discovered:
D:1:      dpeg_arrival_round_a, layout_loops_ring,
          hellmonk_ecumenical_altar_leap_of_faith, chequers_serial_rivers_room_a
D:2:      layout_loops_ring, serial_shops, nicolae_shop_trees, st_stairs_10
D:3:      layout_basic, minmay_joined_circles, uniq_jessica
D:4:      layout_gridville, temple_pool_b, kennysheep_generic_room_11,
          uniq_natasha, uniq_menkaure, uniq_eustachio, uniq_edmund
D:5:      layout_loops_ring, minmay_fire_ice_demons
D:6:      layout_gridville, nicolae_shop_clearance
D:7:      layout_basic, fedhas_altar_2
D:8:      layout_loops_ring, enter_bailey_2
D:9:      layout_loops_ring, ebering_ghost_disaster_area
D:10:     layout_loops_cross
D:11:     layout_long_grid, grunt_lair_entry_orc_guard_hut, orc_david_3,
          nicolae_tso_swordbearing_angel
D:12:     layout_loops_ring
Temple:   mainiacjoe_temple_starburst
Lair:1:   layout_gridlike, chequers_serial_rivers_room_b, grunt_megastairs_2,
          uniq_urug
Lair:2:   layout_big_grid, wad_woods_01
Lair:3:   layout_loops_ring

Skill      XL: |  1  2  3  4  5  6  7  8  9 10 11 12 |
---------------+-------------------------------------+-----
Conjurations   | 1 2 3 4 5 7 8 9 10 | 10.0
Spellcasting   | 2 3 4 5 6 7 9 |  9.3
Fire Magic     | 3 4 5 6 7 8 10 | 10.3
Armour         | 1 3 4 6 7 8 9 |  9.1
Dodging        | |  1.7
Stealth        | |  1.7

Action                   |  1- 3 |  4- 6 |  7- 9 | 10-12 || total
-------------------------+-------+-------+-------+-------++-------
Melee: Unarmed           |    11 |       |       |       ||    11
       Punch             |     1 |       |       |       ||     1
       Staff             |     9 |    12 |    12 |    30 ||    63
 Cast: Foxfire           |   119 |   126 |   205 |   136 ||   586
       Scorch            |     4 |     9 |    58 |   124 ||   195
       Conjure Flame     |       |     2 |     4 |     7 ||    13
       Flame Wave        |       |       |     9 |    21 ||    30
       Inner Flame       |       |       |       |     5 ||     5
Evoke: Wand              |       |       |       |     2 ||     2
  Use: Scroll            |     4 |     4 |    15 |     7 ||    30
       Potion            |       |       |     2 |     3 ||     5
 Stab: Sleeping          |     2 |       |       |       ||     2
Armor: Robe              |    12 |     7 |       |       ||    19
       Acid dragon scale |       |     8 |    84 |   135 ||   227
Dodge: Dodged            |    47 |    35 |    57 |   136 ||   275
Block: Buckler           |       |     9 |    33 |    69 ||   111

Table legend: (Time is in decaauts)
 A = Elapsed time spent in this place.
 B = Non-inter-level travel time spent in this place.
 C = Inter-level travel time spent in this place.
 D = Time resting spent in this place.
 E = Time spent auto-exploring this place.
 F = Levels seen in this place.
 G = Mean time per level.
                   A        B        C        D        E       F      G
               +--------+--------+--------+--------+--------+-----+--------+
         Total |  22797 |  22074 |    723 |   3155 |  15979 |  16 | 1424.8 |
       Dungeon |  18405 |  17815 |    590 |   1916 |  13451 |  12 | 1533.8 |
        Temple |    684 |    635 |     49 |    169 |    463 |   1 |  684.0 |
          Lair |   3707 |   3624 |     83 |   1070 |   2065 |   3 | 1235.7 |
               +--------+--------+--------+--------+--------+-----+--------+

Top non-repeatable levels by time:
     D:4: 2544 daAuts
    D:11: 1868 daAuts
  Lair:1: 1823 daAuts
  Lair:2: 1816 daAuts
    D:12: 1805 daAuts
     D:1: 1802 daAuts
     D:5: 1674 daAuts
     D:3: 1644 daAuts
     D:6: 1519 daAuts
     D:9: 1363 daAuts
    D:10: 1357 daAuts
     D:2: 1150 daAuts
     D:8: 934 daAuts
     D:7: 737 daAuts
  Temple: 684 daAuts
